AoeStats
← wildmeister

Black Forest

509175279Analyzed
3v3 RM · 7d ago on Sep 25, 2026· 35m 43s· 6 players
Game mode
Random Map
Map size
Normal (6 player)
Population
200
Speed
Normal
Resources
Standard
Victory
Conquest
Starting age
Dark Age
Ending age
Imperial Age
RankedLock teamsTeams togetherTeam positionsShared explorationLock speedFull tech treeHidden civsTurbo modeCheats
Victory
Defeat
🇨🇭 Franks · Switzerland
939
+16
🇦🇺 Tatars · Australia
935
+16
🇨🇭 Byzantines · Switzerland
925
+16
🇩🇪 Turks · Germany
1011
-19
🇩🇪 Chinese · Germany
1011
-19
🇩🇪 Bohemians · Germany
782
-10
abdallah.shoukor1997
13:16 Feudal Age
13:52 Double-Bit Axe
19:34 Castle Age
18:19 Gold Mining
19:36 Stone Mining
21:11 Wheelbarrow
27:19 Bow Saw
30:26 Hand Cart
35:28 Imperial Age
34:14 Forging
34:10 Scale Barding Armor
34:57 Gold Shaft Mining
36:20 Husbandry
35:43 Cavalier
ali.k.baajour
1:27 Loom
12:26 Feudal Age
17:12 Castle Age
16:17 Stone Mining
16:17 Double-Bit Axe
16:22 Horse Collar
19:04 Bow Saw
24:45 Gold Mining
28:52 Imperial Age
28:15 Forging
28:11 Scale Barding Armor
32:09 Iron Casting
31:55 Chain Barding Armor
33:29 Onager
35:15 Plate Barding Armor
34:56 Logistica
MexMex1768
0:36 Loom
12:43 Feudal Age
13:21 Double-Bit Axe
20:29 Castle Age
18:47 Horse Collar
19:10 Stone Mining
20:28 Fletching
22:52 Bodkin Arrow
23:03 Heavy Plow
23:19 Bow Saw
30:28 Imperial Age
28:34 Gold Mining
28:21 Elite Skirmisher
29:51 Wheelbarrow
30:52 Padded Archer Armor
32:44 Town Watch
33:32 Crop Rotation
33:32 Conscription
36:07 Leather Archer Armor
Arminius
12:35 Feudal Age
10:51 Loom
13:40 Double-Bit Axe
19:03 Castle Age
18:24 Horse Collar
19:05 Stone Mining
22:53 Bow Saw
26:05 Heavy Plow
31:44 Imperial Age
30:53 Wheelbarrow
32:11 Ballistics
33:18 Bloodlines
33:08 Husbandry
34:08 Hand Cart
34:25 Scale Barding Armor
34:31 Forging
wildmeister
12:34 Feudal Age
14:09 Wheelbarrow
13:37 Horse Collar
13:46 Double-Bit Axe
22:05 Castle Age
21:17 Forging
23:38 Hand Cart
23:37 Bow Saw
23:33 Heavy Plow
35:04 Imperial Age
35:30 Chemistry
34:52 Ballistics
Pacmac
12:50 Feudal Age
14:09 Double-Bit Axe
14:08 Horse Collar
18:24 Castle Age
17:28 Forging
18:39 Scale Mail Armor
19:57 Bow Saw
19:48 Heavy Plow
21:20 Fletching
21:57 Elite Skirmisher
22:42 Squires
25:00 Padded Archer Armor
26:45 Iron Casting
26:11 Pikeman
28:20 Wheelbarrow
27:31 Loom
27:32 Town Watch
28:50 Thumb Ring
28:44 Bodkin Arrow
28:14 Man-at-Arms
28:39 Arson
32:50 Imperial Age
30:38 Long Swordsman
31:52 Chain Mail Armor
31:55 Leather Archer Armor
31:14 Crossbowman
33:23 Ballistics
33:13 Masonry
34:37 Conscription
35:23 Blast Furnace
Connection lost

Rejoining the realm…

Still unreachable

The connection could not be restored.

Session expired

The server has moved on; the page needs a fresh start.